 Dungeon Sprint DCSS version 0.19.4-12-gccf7e64 (webtiles) character file.

3588 equalderp2856 the Ripper (level 9, -11/45 HPs)
             Began as a Felid Fighter on Feb 26, 2017.
             Was the Champion of Qazlal.
             Mangled by a profane servitor
             ... wielding a +3 whip
              (28 damage)
             ... in the Dungeon (Sprint VII: "The Pits").
             The game lasted 00:10:48 (2521 turns).

equalderp2856 the Ripper (Felid Fighter)            Turns: 2521, Time: 00:10:48

Health: -11/45     AC:  2    Str: 13    XL:     9   Next: 85%
Magic:  10/10      EV: 31    Int: 11    God:    Qazlal [******]
Gold:   0          SH:  8    Dex: 17    Spells: 0 memorised, 8 levels left
                                        Lives:  0   Deaths: 3

rFire  . . .     SeeInvis +       - Unarmed
rCold  . . .     Gourm    .     (armour unavailable)
rNeg   . . .     Faith    .     (shield unavailable)
rPois  .         Spirit   .     (helmet unavailable)
rElec  .         Reflect  .     (cloak unavailable)
rCorr  .         Harm     .     (gloves unavailable)
MR     +....     NoTele   +     (boots unavailable)
Stlth  +.........               (no amulet)
                                (no ring)
                                (no ring)

@: wreathed by umbra, repel missiles, drained, quick
A: no armour, no weapons or thrown items, stealth, claws 1, fangs 3, see
invisible, carnivore 3, speed 1, shaggy fur 2, slow metabolism 1, sharp paws
a: Upheaval, Elemental Force, Disaster Area, Renounce Religion


You were in the Dungeon.
You worshipped Qazlal.
Qazlal was exalted by your worship.
You were not hungry.

You visited 1 branch

Inventory:

Jewellery
 m - a +3 ring of strength
 o - a +3 ring of intelligence
Scrolls
 h - a scroll of blinking
 j - 3 scrolls of remove curse
 k - 5 scrolls of amnesia
 l - a scroll of summoning
 q - a scroll of identify
Potions
 a - a potion of might
 c - 8 potions of curing
 d - a potion of heal wounds
 e - a potion of haste
 f - 4 potions of magic
 g - 3 potions of berserk rage
 i - 2 potions of invisibility
 n - 2 potions of brilliance
 p - 2 potions of cure mutation
Comestibles
 b - 8 meat rations


   Skills:
 + Level 8.8(8.5) Fighting
 + Level 15.8(15.5) Dodging
 * Level 9.1(8.8) Stealth
 + Level 20.0(19.6) Unarmed Combat


You had 8 spell levels left.
You didn't know any spells.

Dungeon Overview and Level Annotations

Branches:
Dungeon (1/1)

Altars:
Ashenzari
Cheibriados
Dithmenos
Elyvilon
Fedhas
Gozag
Hepliaklqana
Kikubaaqudgha
Makhleb
Nemelex Xobeh
Okawaru
Qazlal
Ru
Sif Muna
Trog
Uskayaw
Vehumet
Xom
Yredelemnul
Zin
The Shining One
Beogh
Jiyva
Lugonu


Innate Abilities, Weirdness & Mutations

You cannot wear armour.
You are incapable of wielding weapons or throwing items.
Your paws allow you to move quietly. (Stealth)
You have sharp claws.
You have razor-sharp teeth.
You have supernaturally acute eyesight. (SInv)
You are carnivorous and can eat meat at any time.
You cover ground quickly.
You are covered in thick fur. (AC +2)
You have a slow metabolism.
Your sharp claws are effective at attacking unaware monsters.


Message History

The profane servitor hits you with a +3 whip!
You see here a spear.
You mangle the profane servitor!!
The profane servitor is moderately damaged.
You hear a trumpeting!
You hear a shout! x2; You hear a deafening roar!
The profane servitor hits you with a +3 whip!
The profane servitor draws strength from your injuries!
The profane servitor completely misses you.
You feel much better.
The profane servitor closely misses you.
The profane servitor completely misses you.
The profane servitor hits you with a +3 whip!
The profane servitor draws strength from your injuries!
The profane servitor hits you with a +3 whip!
You claw the profane servitor!
The profane servitor is moderately damaged.
You hear a bellow!
The profane servitor hits you with a +3 whip!!
Ouch! That really hurt!
You die...

.............+ ...#..#......#
.............# '#####''######
....##''################ ####
....##..#......§§Y.....###..#
....##..##..(...c§..†...#..##
<...##..####...#A######.(.##
....##..#..#####@##...##)##
....##..#....##...#...#.()#
....##..'.....#.§.#...#..Y#
######..'....[)..÷'...'...t.
######..'.....#...#...#...#.h.
..[[##..#....##...#...#...#J....
..[[##..#..#####.##...##'## #.#.
..))##..####...#'######..†## ...
..))##..##..............#..## #.


You could see a profane servitor, a yak and a centaur.

Vanquished Creatures
  A merfolk aquamancer (D)
  A merfolk avatar (D)
  A death yak (D)
  A deep troll (D)
  An unseen horror (D)
  Pikel (D)
  2 red devils (D)
  A hornet (D)
  A two-headed ogre (D)
  A merfolk (D)
  A hippogriff (D)
  A flying skull (D)
  7 redbacks (D)
  2 water elementals (D)
  A basilisk (D)
  6 yaks (D)
  A small abomination (D)
  A floating eye (D)
  An ogre (D)
  A phantom (D)
  A centaur (D)
  A crocodile (D)
  2 scorpions (D)
  3 killer bees (D)
  2 orc wizards (D)
  An orc priest (D)
  A worker ant (D)
  A mummy (D)
  A gnoll (D)
  A white imp (D)
  An ufetubus (D)
  An ooze (D)
  An adder simulacrum (D)
  An orc (D)
  2 giant cockroaches (D)
  A bat (D)
  3 kobolds (D)
57 creatures vanquished.

Vanquished Creatures (others)
  A deep elf mage (D)
  A yak (D)
  4 slaves (D)
  A scorpion (D)
  An orc wizard (D)
  A hound (D)
  An iron imp (D)
  A gnoll (D)
  An orc (D)
  A hobgoblin (D)
13 creatures vanquished.

Grand Total: 70 creatures vanquished

Notes
Turn   | Place    | Note
-------+----------+-------------------------------------------
     0 | D        | equalderp2856 the Felid Fighter began the quest for the Orb.
     0 | D        | Reached XP level 1. HP: 10/10 MP: 2/2
    19 | D        | Found a radiant altar of Vehumet.
    19 | D        | Found a hide-covered altar of Uskayaw.
    19 | D        | Found an ancient bone altar of Kikubaaqudgha.
    19 | D        | Found a viscous altar of Jiyva.
    19 | D        | Found a hazy altar of Hepliaklqana.
    20 | D        | Found a bloodstained altar of Trog.
    20 | D        | Found a deep blue altar of Sif Muna.
    20 | D        | Found a sacrificial altar of Ru.
    20 | D        | Found a stormy altar of Qazlal.
    20 | D        | Found an iron altar of Okawaru.
    20 | D        | Found a sparkling altar of Nemelex Xobeh.
    20 | D        | Found an opulent altar of Gozag.
    20 | D        | Found a blossoming altar of Fedhas.
    20 | D        | Found a white marble altar of Elyvilon.
    20 | D        | Found a shadowy altar of Dithmenos.
    20 | D        | Found a snail-covered altar of Cheibriados.
    21 | D        | Found a glowing golden altar of the Shining One.
    21 | D        | Found a glowing silver altar of Zin.
    22 | D        | Found a burning altar of Makhleb.
    22 | D        | Found a basalt altar of Yredelemnul.
    22 | D        | Found a roughly hewn altar of Beogh.
    23 | D        | Found a corrupted altar of Lugonu.
    23 | D        | Found a shimmering altar of Xom.
    23 | D        | Found a shattered altar of Ashenzari.
    81 | D        | Became a worshipper of Qazlal Stormbringer
   128 | D        | Noticed a floating eye
   130 | D        | Paralysed by a floating eye for 2 turns
   136 | D        | Killed a floating eye
   136 | D        | Reached * piety under Qazlal
   136 | D        | Reached skill level 7 in Unarmed Combat
   136 | D        | Reached XP level 2. HP: 6/15 MP: 3/3
   136 | D        | Reached XP level 3. HP: 8/19 MP: 4/4
   136 | D        | Reached XP level 4. HP: 9/22 MP: 5/5
   148 | D        | Reached ** piety under Qazlal
   148 | D        | Reached skill level 5 in Fighting
   148 | D        | Reached skill level 8 in Unarmed Combat
   406 | D        | Reached XP level 5. HP: 20/26 MP: 6/6
   632 | D        | Noticed a slave
   632 | D        | Noticed a slave
   632 | D        | Noticed a slave
   633 | D        | Noticed Pikel
   634 | D        | Noticed a slave
   703 | D        | Reached *** piety under Qazlal
   703 | D        | Reached skill level 9 in Unarmed Combat
   706 | D        | Noticed a flying skull
   729 | D        | Killed Pikel
   729 | D        | Reached skill level 12 in Unarmed Combat
   729 | D        | Gained mutation: You are covered in thick fur. (AC +2) [Felid growth]
   729 | D        | Reached XP level 6. HP: 20/31 MP: 7/7
   729 | D        | Reached XP level 7. HP: 22/35 MP: 8/8
   745 | D        | Killed a flying skull
   745 | D        | Reached skill level 10 in Dodging
   803 | D        | Noticed a yak
   808 | D        | Mangled by a yak
   809 | D        | Reached XP level 6. HP: -10/33 MP: 7/7
   830 | D        | Killed a freed slave
   855 | D        | Killed a yak
   871 | D        | Noticed a deep elf mage
   882 | D        | Killed from afar by a deep elf mage
   883 | D        | Reached XP level 5. HP: -4/28 MP: 6/6
   898 | D        | Killed a deep elf mage
   921 | D        | Killed a phantom
   921 | D        | Reached **** piety under Qazlal
   921 | D        | Reached skill level 13 in Unarmed Combat
   921 | D        | Reached XP level 6. HP: 33/33 MP: 7/7
   939 | D        | Noticed a redback
   946 | D        | Killed a redback
   948 | D        | Reached XP level 7. HP: 24/36 MP: 8/8
   952 | D        | Reached ***** piety under Qazlal
  1215 | D        | Noticed an unseen horror
  1215 | D        | Noticed a redback
  1221 | D        | Killed an unseen horror
  1221 | D        | Reached skill level 14 in Unarmed Combat
  1221 | D        | Reached XP level 8. HP: 31/40 MP: 9/9
  1301 | D        | Noticed a hippogriff
  1301 | D        | Noticed a red devil
  1305 | D        | Reached skill level 15 in Unarmed Combat
  1340 | D        | Killed a hippogriff
  1342 | D        | Killed a red devil
  1430 | D        | Noticed a two-headed ogre
  1432 | D        | Killed a two-headed ogre
  1432 | D        | Reached ****** piety under Qazlal
  1432 | D        | Reached skill level 16 in Unarmed Combat
  1432 | D        | Reached XP level 9. HP: 31/44 MP: 10/10
  1438 | D        | Noticed a red devil
  1528 | D        | Killed a red devil
  1818 | D        | Noticed a death yak
  1823 | D        | Noticed a merfolk avatar
  1826 | D        | Reached skill level 17 in Unarmed Combat
  1870 | D        | Killed a death yak
  1870 | D        | Reached skill level 18 in Unarmed Combat
  1870 | D        | Reached XP level 10. HP: 35/49 MP: 11/11
  1915 | D        | Reached skill level 15 in Dodging
  2115 | D        | Killed a merfolk avatar
  2115 | D        | Reached skill level 19 in Unarmed Combat
  2143 | D        | Noticed a merfolk aquamancer
  2163 | D        | Noticed a deep troll
  2217 | D        | HP: 2/49 [merfolk aquamancer/rapier of freezing (5)]
  2220 | D        | Killed a merfolk aquamancer
  2266 | D        | Killed a deep troll
  2495 | D        | Noticed a profane servitor
  2502 | D        | Reached skill level 20 in Unarmed Combat
  2511 | D        | Mangled by a profane servitor
  2512 | D        | Reached XP level 9. HP: -10/45 MP: 10/10
  2521 | D        | Mangled by a profane servitor

Skill      XL: |  1  2  3  4  5  6  7  8  9 10 |
---------------+-------------------------------+-----
Fighting       | 4 5 6 7 8 |  8.8
Dodging        | 6 9 11 12 13 14 15 | 15.8
Stealth        | 3 6 8 9 |  9.1
Unarmed Combat | 7 8 13 14 16 18 20 | 20.0

Action                   |  1- 3 |  4- 6 |  7- 9 | 10-12 || total
-------------------------+-------+-------+-------+-------++-------
Melee: Unarmed           |     8 |    58 |    91 |    65 ||   222
       Bite              |       |     8 |    10 |     9 ||    27
       Punch             |       |     4 |     4 |     3 ||    11
  Use: Potion            |       |     1 |     6 |     1 ||     8
 Stab: Sleeping          |     2 |       |       |       ||     2
  Eat: Chunk             |       |       |       |     8 ||     8
Armor: Skin              |     2 |     2 |     3 |       ||     7
Dodge: Dodged            |       |    71 |    70 |    41 ||   182
       Deflected         |       |       |       |     2 ||     2
Block: Other             |       |     7 |    26 |    16 ||    49
